 Dungeon Crawl Stone Soup version 0.17-a0-819-gf98af59 (webtiles) character file.

213 FedoraBrony69 the Conjurer (level 5, -4/28 HPs)
             Began as a Deep Elf Conjurer on Apr 26, 2015.
             Slain by Grinder (6 damage)
             ... while paralysed by Grinder
             ... on level 3 of the Dungeon.
             The game lasted 00:08:13 (2462 turns).

FedoraBrony69 the Conjurer (Deep Elf Conjurer)      Turns: 2462, Time: 00:08:13

Health: -4/28      AC:  2    Str:  5    XL:     5   Next: 59%
Magic:  1/15       EV: -3    Int: 21    God:
Gold:   142        SH:  0    Dex: 15    Spells: 3 memorised, 5 levels left

rFire  . . .     SeeInvis .     j - +0 spear
rCold  . . .     Clarity  .     a - +0 robe
rNeg   . . .     SustAb   .     (no shield)
rPois  .         Gourm    .     (no helmet)
rElec  .         Spirit   .     (no cloak)
rCorr  .         Warding  .     (no gloves)
rMut   .         Stasis   .     (no boots)
MR     .....                    (no amulet)
Stlth  +.........               (no ring)
                                m - ring of loudness (curse)

@: paralysed, very slightly contaminated, not resistant to hostile enchantments,
very unstealthy
A: no striking features
a: no special abilities


You were on level 3 of the Dungeon.
You were hungry.

You visited 1 branch of the dungeon, and saw 3 of its levels.

You collected 142 gold pieces.

Inventory:

Hand weapons
 h - a +0 whip
 j - a +0 spear (weapon)
Armour
 a - a +0 robe (worn)
 l - a +0 buckler
Jewellery
 m - a cursed ring of loudness (left hand)
Magical devices
 t - a wand of flame (30)
Scrolls
 d - 4 scrolls of identify {unknown}
 f - a scroll of fog {unknown}
 g - 3 scrolls of remove curse {unknown}
 k - a scroll of immolation {unknown}
 u - a scroll of fear {unknown}
 v - a scroll of teleportation {unknown}
Potions
 e - 3 potions of haste {unknown}
 i - a potion of agility {unknown}
 p - a potion of invisibility {unknown}
 r - a potion of curing {unknown}
 s - a potion of restore abilities {unknown}
Books
 b - a book of Conjurations

   Spells                             Type                      Level
   a - Magic Dart                     Conjuration                  1
   b - Searing Ray                    Conjuration                  2
   c - Dazzling Spray                 Conjuration/Hexes            3
   d - Fulminant Prism                Conjuration/Hexes            4
   e - Iskenderun's Mystic Blast      Conjuration                  4
   f - Iskenderun's Battlesphere      Conjuration/Charms           5
Comestibles
 c - 2 bread rations
 n - a slice of pizza
 o - a meat ration
 q - 6 chunks of flesh


   Skills:
 - Level 2.4 Dodging
 - Level 2.4 Stealth
 + Level 5.8 Spellcasting
 + Level 6.1 Conjurations
 * Level 1.5 Charms


You had 5 spell levels left.
You knew the following spells:

 Your Spells              Type           Power        Failure   Level  Hunger
a - Magic Dart            Conj           ####         1%          1    None
b - Iskenderun's Battles  Conj/Chrm      ###.....     67%         5    #####..
c - Iskenderun's Mystic   Conj           ####....     10%         4    ####...


Dungeon Overview and Level Annotations

Branches:
Dungeon (3/15)

Altars:
Ru

Annotations:
D:3 Grinder


Message History

The orb of energy misses Grinder.
The orb of energy explodes!
Grinder gestures.
Grinder blinks!
Grinder says, "Tell me all your secrets, or I'll kill you."
Grinder gestures at you. You resist with significant effort.
There is a stone staircase leading down here.
Grinder gestures at you.
You suddenly lose the ability to move!
Grinder gestures.
Grinder blinks!
Grinder gestures at you. Pain shoots through your body! Grinder hits you.
* * * LOW HITPOINT WARNING * * *
You writhe in agony. x2
Grinder hits you.
* * * LOW HITPOINT WARNING * * *
You writhe in agony.
You die...

#..........####.####.....
#....(...........).......
#...###..######.######...
#######..#<...#.######.##
####.....##.##..........
#.......###.#########.##
#.......# #.........#..<
#.......#########.....#.
#......@5.......+.....+.
#..............##.....#
#.............=##.....#
#..............##.....#
#..............##.(...#
######.....!..##.....#
#.......†###...##
......[.. ..# ...######


You could see Grinder.

Vanquished Creatures
  The ghost of FedoraBrony69 the Ruffian, an average VSMo (D:3)
  Ijyb (D:2)
  3 adders
  A gnoll (D:1)
  An ooze (D:3)
  4 worms
  6 giant geckos
  9 hobgoblins
  4 kobolds
  A quokka (D:2)
  3 bats
  2 giant cockroaches
  6 giant newts
  15 goblins
  10 rats
67 creatures vanquished.

Notes
Turn   | Place    | Note
--------------------------------------------------------------
     0 | D:1      | FedoraBrony69, the Deep Elf Conjurer, began the quest for the Orb.
     0 | D:1      | Reached XP level 1. HP: 10/10 MP: 6/6
   281 | D:1      | Reached XP level 2. HP: 15/15 MP: 4/8
   624 | D:1      | Reached XP level 3. HP: 19/19 MP: 2/10
   722 | D:1      | Reached skill level 5 in Conjurations
  1022 | D:2      | Found a sacrificial altar of Ru.
  1173 | D:2      | Reached XP level 4. HP: 24/24 MP: 10/12
  1822 | D:3      | Noticed FedoraBrony69's ghost (average VSMo)
  1828 | D:3      | Killed FedoraBrony69's ghost
  1828 | D:3      | Reached skill level 5 in Spellcasting
  1828 | D:3      | Reached XP level 5. HP: 26/28 MP: 6/14
  1835 | D:3      | Learned a level 5 spell: Iskenderun's Battlesphere
  1840 | D:3      | Learned a level 4 spell: Iskenderun's Mystic Blast
  1953 | D:3      | Reached skill level 6 in Conjurations
  2025 | D:3      | Noticed Ijyb
  2140 | D:2      | Killed Ijyb
  2140 | D:2      | Reached skill level 1 in Charms
  2444 | D:3      | Noticed Grinder
  2449 | D:3      | Paralysed by Grinder for 3 turns
  2456 | D:3      | Paralysed by Grinder for 7 turns
  2462 | D:3      | Slain by Grinder

Action                   |  1- 3 |  4- 6 || total
-------------------------+-------+-------++-------
Melee: Spear             |     2 |     8 ||    10
 Cast: Magic Dart        |    74 |    76 ||   150
       Iskenderun's Myst |       |     7 ||     7
  Eat: Chunk             |       |     5 ||     5
